 Dungeon Crawl Stone Soup version 0.29.1-15-g9cfb28693d (webtiles) character file.

Game seed: 4677462379144709092

1 safid the Chiller (level 1, 0/13 HPs)
             Began as a Merfolk Ice Elementalist on Apr 4, 2023.
             Slain by a rat (1 damage)
             ... on level 1 of the Dungeon.
             The game lasted 00:00:25 (43 turns).

safid the Chiller (Merfolk Ice Elementalist)          Turns: 43, Time: 00:00:26

Health: 0/13       AC:  2    Str:  8    XL:     1   Next: 20%
Magic:  2/3        EV:  9    Int: 14    God:
Gold:   0          SH:  0    Dex: 14    Spells: 3/4 levels left

rFire   . . .      SeeInvis .   (no weapon)
rCold   . . .      Faith    .   (no shield)
rNeg    . . .      Spirit   .   a - +0 robe
rPois   .          Reflect  .   (no helmet)
rElec   .          Harm     .   (no cloak)
rCorr   .          Rampage  .   (no gloves)
Will    .....                   (no boots)
Stlth   ++........              (no amulet)
HPRegen 0.04/turn               (no ring)
MPRegen 0.08/turn               (no ring)

@: constricted
A: (nimble swimmer 2), mertail
a: no special abilities


You were on level 1 of the Dungeon.
You visited 1 branch of the dungeon, and saw 1 of its levels.

Inventory:

Armour
 a - a +0 robe (worn)
Potions
 b - a potion of magic


   Skills:
 + Level 0.1 Fighting
 - Level 2.6 Dodging
 - Level 2.1 Stealth
 + Level 2.0 Spellcasting
 + Level 4.4 Ice Magic


You had 3 spell levels left.
You knew the following spells:

 Your Spells              Type           Power      Damage    Failure   Level
a - Freeze                Ice            52%        1d7       3%          1

Your spell library contained the following spells:

 Spells                   Type           Power      Damage    Failure   Level
 Frozen Ramparts          Ice            26%        1d4       12%         3
 Ozocubu's Armour         Ice            13%        N/A       12%         3
 Call Canine Familiar     Summ           1%         N/A       56%         3
 Portal Projectile        Hex/Tloc       2%         N/A       56%         3
 Hailstorm                Conj/Ice       7%         3d4       67%         4
 Leda's Liquefaction      Hex/Erth       0%         N/A       93%         4


Dungeon Overview and Level Annotations

Branches:
Dungeon (1/15)

Altars:

Annotations:
D:1 2 transporters


Innate Abilities, Weirdness & Mutations

((You are very nimble when in or above water. (Stealth+, EV+, Speed+++)))
Your lower body shifts to a powerful aquatic tail in water.


Message History

The ball python hisses angrily.
There is an escape hatch in the floor here.
There are monsters nearby!
An endoplasm comes into view.
The quokka twitches its whiskers.
The ball python completely misses you. The ball python barely misses you.
The ball python barely misses you. The ball python completely misses you.
The ball python bites you. The ball python completely misses you.
The ball python bites you. The ball python closely misses you.
The rat twitches its whiskers.
The rat bites you. The ball python misses you. The ball python grabs you.
The ball python constricts you. The rat barely misses you.
The ball python barely misses you. The ball python constricts you.
A kobold comes into view. It is wielding a +0 whip.
The rat closely misses you. The ball python closely misses you.
The ball python constricts you. The rat completely misses you.
The ball python bites you but does no damage.
The ball python constricts you. The ball python closely misses you.
The ball python constricts you. The rat closely misses you.
A quokka comes into view.
The ball python completely misses you. The ball python constricts you.
The rat closely misses you.
The ball python bites you but does no damage.
The ball python constricts you. The rat bites you but does no damage.
The ball python bites you. The ball python constricts you.
A dart slug comes into view.
The rat bites you but does no damage. The ball python bites you.
The ball python constricts you.
* * * LOW HITPOINT WARNING * * *
The rat bites you.
* * * LOW HITPOINT WARNING * * *
The ball python closely misses you. The ball python constricts you.
* * * LOW HITPOINT WARNING * * *
The ball python completely misses you. The ball python constricts you.
The rat twitches its whiskers.
The rat bites you.
You die...

.........# ...........
.# ....w.....#####.#
.....~J≈.≈~~≈#!.#
.....~≈≈≈≈K≈≈≈~.#
?#.##~≈≈≈≈≈≈.≈≈≈#
....#≈≈≈≈≈~.~~≈≈#
...[r≈≈~~Sr.~~≈###
##.~≈≈≈~.©@©.~≈..#
#..≈≈≈≈≈~.⌠.~≈≈#..
###..~≈≈≈≈~~~~~≈≈##.
....≈≈≈≈≈≈≈≈≈≈≈≈~...
##.≈≈≈~gr≈≈≈≈≈≈.###
#..≈~~.⌠gg≈≈≈≈≈...
#..≈~.©<©.~≈≈≈≈##..
#....≈~~...~~≈≈≈r####
..=.#≈≈≈~.~≈≈≈≈≈..####


You could see a dart slug, an endoplasm, a quokka, a hobgoblin, 2 goblins, a
ball python, a kobold and 3 rats.

Vanquished Creatures
  A hobgoblin (D:1)
1 creature vanquished.

Notes
Turn   | Place    | Note
-------+----------+-------------------------------------------
     0 | D:1      | safid the Merfolk Ice Elementalist began the quest for the
                  | Orb.
     0 | D:1      | Reached XP level 1. HP: 13/13 MP: 3/3
    43 | D:1      | Slain by a rat

Illustrated notes

Levels and vault maps discovered:
D:1:      spicycebolla_arrival_transporter_tutorial, layout_rooms

Action                   || total
-------------------------++-------
Melee: Unarmed           ||     1
       Tailslap          ||     1
 Cast: Freeze            ||     3
Armor: Robe              ||     4
Dodge: Dodged            ||    21
